 Dungeon Crawl Stone Soup version 0.17.1-2-g5865329 (webtiles) character file.

144568 FortyThree the Fencer (level 16, 0/127 HPs)
             Began as a Demonspawn Ice Elementalist on Jan 20, 2016.
             Was the Champion of Makhleb.
             Slain by an ettin simulacrum (24 damage)
             ... in an ice cave on Jan 21, 2016.
             The game lasted 03:02:35 (37885 turns).

FortyThree the Fencer (DsIE)                       Turns: 37885, Time: 03:02:35

Health: 0/127      AC: 19    Str: 11      XL:     16   Next: 85%
Magic:  0/25       EV: 28    Int: 16 (17) God:    Makhleb [******]
Gold:   1044       SH:  0    Dex: 28      Spells: 3 memorised, 13 levels left

rFire  . . .     SeeInvis +     O - +6 triple sword (freeze)
rCold  . . .     Clarity  .     J - +3 leather armour {rPois}
rNeg   + . .     SustAt   .     (shield currently unavailable)
rPois  +         Gourm    .     (no helmet)
rElec  .         Spirit   +     u - +0 cloak
rCorr  .         Warding  +     (no gloves)
rMut   .         Stasis   .     Q - +0 pair of boots of Hedge Wizardry {Dex+7}
MR     +....                    x - amulet of warding
Stlth  +++.......               w - +3 ring of dexterity
                                a - +4 ring of evasion

@: icy armour, somewhat resistant to hostile enchantments, fairly stealthy
A: claws 2, slimy green scales 2, see invisible, regeneration 1, spiny 3, magic
shield
a: Minor Destruction, Lesser Servant of Makhleb, Major Destruction, Greater
Servant of Makhleb, Renounce Religion


You were in an ice cave.
You worshipped Makhleb.
Makhleb was exalted by your worship.
You were not hungry.

You visited 5 branches of the dungeon, and saw 32 of its levels.
You also visited: Labyrinth, Ossuary and Ice Cave.

You collected 3366 gold pieces.
You spent 2322 gold pieces at shops.

Inventory:

Hand Weapons
 r - the +6 scimitar of Flaming Death {sticky flame, rPois rF++ rC- MR+}
   (You bought it in a shop on level 2 of the Orcish Mines)

   It has been specially enchanted to burn those struck by it, causing extra
   injury to most foes and up to half again as much damage against particularly
   susceptible opponents.
   Big, fiery blades are also staple armaments of hydra-hunters.
   It greatly protects you from fire.
   It makes you vulnerable to cold.
   It protects you from poison.
   It affects your resistance to hostile enchantments.
 O - a +6 triple sword of freezing (weapon)
Armour
 u - a +0 cloak (worn)
 v - the +3 leather armour of Purpose {Int+3 Dex+2}
   (You found it on level 8 of the Dungeon)

   It affects your intelligence (+3).
   It affects your dexterity (+2).
 J - a +3 leather armour of poison resistance (worn)
 Q - the +0 pair of boots of Hedge Wizardry (worn) {Dex+7}
   (You acquired it on level 3 of the Spider Nest)

   It affects your dexterity (+7).
 S - a +1 helmet of intelligence
Jewellery
 a - a +4 ring of evasion (left claw)
 g - an uncursed ring of protection from fire
 h - an uncursed ring of protection from magic
 w - a +3 ring of dexterity (right claw)
 x - an amulet of warding (around neck)
 T - an uncursed ring of sustain attributes
 W - an uncursed amulet of resist corrosion
 X - an uncursed ring of positive energy
Wands
 d - a wand of draining (7)
 k - a wand of teleportation (3)
 E - a wand of flame (22)
Scrolls
 n - 11 scrolls of remove curse
 o - 7 scrolls of enchant armour
 y - 3 scrolls of fear
 A - 2 scrolls of blinking
 D - a scroll of fog
 F - 4 scrolls of recharging
 I - 4 scrolls of summoning
 K - 7 scrolls of teleportation
 L - a scroll of brand weapon
 P - 3 scrolls of magic mapping
 U - 4 scrolls of amnesia
Potions
 e - 3 potions of brilliance
 i - 4 potions of cure mutation
 j - 4 potions of cancellation
 l - 2 potions of agility
 t - 4 potions of flight
 z - 6 potions of lignification
 C - 2 potions of might
 G - 4 potions of resistance
 H - 4 potions of berserk rage
 M - 9 potions of curing
 N - 3 potions of ambrosia
 Y - 2 potions of haste
 Z - 3 potions of magic
Books
 b - a book of Frost

   Spells                             Type                      Level
   a - Freeze                         Ice                          1
   b - Throw Frost                    Conjuration/Ice              2
   c - Ozocubu's Armour               Charms/Ice                   3
   d - Throw Icicle                   Conjuration/Ice              4
   e - Summon Ice Beast               Ice/Summoning                4
   f - Condensation Shield            Ice                          4
 f - the Catalogue of Clay
   (You found it in a labyrinth)

   Spells                             Type                      Level
   a - Sandblast                      Earth                        1
   b - Stone Arrow                    Conjuration/Earth            3
   c - Passwall                       Transmutation/Earth          3
   d - Leda's Liquefaction            Hexes/Earth                  4
   e - Petrify                        Transmutation/Earth          4
   f - Bolt of Magma                  Conjuration/Fire/Earth       5
   g - Iron Shot                      Conjuration/Earth            6
   h - Statue Form                    Transmutation/Earth          6
 m - a book of Ice

   Spells                             Type                      Level
   a - Ice Form                       Ice/Transmutation            4
   b - Metabolic Englaciation         Hexes/Ice                    5
   c - Ozocubu's Refrigeration        Ice                          6
   d - Bolt of Cold                   Conjuration/Ice              6
   e - Freezing Cloud                 Conjuration/Ice/Air          6
   f - Simulacrum                     Ice/Necromancy               6
 q - a book of the Earth

   Spells                             Type                      Level
   a - Leda's Liquefaction            Hexes/Earth                  4
   b - Bolt of Magma                  Conjuration/Fire/Earth       5
   c - Statue Form                    Transmutation/Earth          6
   d - Iron Shot                      Conjuration/Earth            6
   e - Shatter                        Earth                        9
 R - a book of Battle

   Spells                             Type                      Level
   a - Infusion                       Charms                       1
   b - Shroud of Golubria             Charms/Translocation         2
   c - Song of Slaying                Charms                       2
   d - Spectral Weapon                Hexes/Charms                 3
   e - Regeneration                   Charms/Necromancy            3
Comestibles
 c - 10 bread rations
 p - 8 meat rations
 B - 2 beef jerkies
 V - 35 fruits


   Skills:
 - Level 12.0 Fighting
 + Level 17.7 Long Blades
 - Level 10.1 Armour
 - Level 11.0 Dodging
 - Level 5.0 Stealth
 - Level 2.0 Spellcasting
 - Level 1.3 Conjurations
 - Level 5.1 Charms
 - Level 4.6 Ice Magic
 - Level 12.1 Invocations


You had 13 spell levels left.
You knew the following spells:

 Your Spells              Type           Power        Failure   Level  Hunger
a - Freeze                Ice            ###.         4%          1    #......
b - Throw Frost           Conj/Ice       ##....       14%         2    ###....
c - Ozocubu's Armour      Chrm/Ice       ###.....     12%         3    ###....


Dungeon Overview and Level Annotations

Branches:
Dungeon (15/15)            Temple (1/1) D:6            Lair (8/8) D:10
 Shoals (0/4) Lair:4       Spider (4/4) Lair:5        Slime (0/6) Lair:8
    Orc (4/4) D:9             Elf (0/3) Orc:4        Vaults (0/5) D:14
 Depths (0/5) D:15

Altars:
Ashenzari
Cheibriados
Dithmenos
Elyvilon
Fedhas
Gozag
Kikubaaqudgha
Makhleb
Nemelex Xobeh
Okawaru
Qazlal
Ru
Sif Muna
Trog
Vehumet
Xom
Yredelemnul
Zin
The Shining One
Beogh

Shops:
D:6 !*   D:7 %   D:10 }   D:11 *   D:14 [   Orc:2 *   Orc:3 (   Orc:4 :(*[

Annotations:
D:4 conein's ghost, amateur DrFi
D:9 bollicks1999's ghost, novice HOFi
Lair:3 Sonja


Innate Abilities, Weirdness & Mutations

You have very sharp fingernails.
You are mostly covered in slimy green scales (AC +3).
You are completely covered in sharp spines.
When hurt, damage is shared between your health and your magic reserves.
You have supernaturally acute eyesight.
Your natural rate of healing is unusually fast.


Message History

You feel better.
Unknown command.
You hit the ettin simulacrum.
The ettin simulacrum is struck by your spines.
The ettin simulacrum hits you! The ettin simulacrum freezes you!
The ettin simulacrum completely misses you.
You hit the ettin simulacrum but do no damage.
You hit the ettin simulacrum. The ettin simulacrum hits you!!
The ettin simulacrum freezes you!! The ettin simulacrum barely misses you.
You hit the ettin simulacrum but do no damage.
The ettin simulacrum is struck by your spines.
The ettin simulacrum hits you!! The ettin simulacrum freezes you!!
* * * LOW HITPOINT WARNING * * *
The ettin simulacrum completely misses you.
Drink which item? (? for menu, Esc to quit)
You feel much better. The ettin simulacrum hits you!
The ettin simulacrum freezes you!
* * * LOW HITPOINT WARNING * * *
The ettin simulacrum hits you!!
You die...

....## #..#
#.##..#
...##.##.##
#####.##
#### #.#§#
#.#...# #
###.§§#
####.##.#
#.#.§##
##.#####.#
##...##
#...###..#
#...##
...##.##
##.###
#Z#..#
##.##
#@..## #..#
##..# ..##
#.## .##
### ## #


You could see an ettin simulacrum.

Vanquished Creatures
  Maud (D:13)
  2 ghost moths (Spider:3)
  2 emperor scorpions
  A minotaur (Lab)
  3 ettins (Orc:4)
  Snorg (Lair:6)
  4 vault guards (D:14)
  A fire dragon (Lair:8)
  A yaktaur captain (D:15)
  9 hydras
  Erica (D:11)
  6 centaur warriors
  Erolcha (Orc:1)
  A queen ant (Lair:1)
  9 death yaks
  3 skeletal warriors (D:13)
  3 ice devils (IceCv)
  3 unseen horrors
  8 hill giants
  3 wolf spider zombies (D:15)
  A hornet (Lair:8)
  10 ugly things
  3 griffons
  9 cyclopes
  16 wolf spiders
  11 orb spiders
  11 elephants
  A black mamba (shapeshifter) (D:12)
  A guardian serpent (shapeshifter) (D:14)
  Psyche (D:11)
  20 spiny frogs
  12 black mambas
  A guardian serpent (Lair:8)
  11 komodo dragons
  4 freezing wraiths
  A yaktaur (D:15)
  3 fire drakes (Lair:8)
  A blue devil (IceCv)
  A deep elf priest (D:15)
  An anaconda simulacrum (IceCv)
  2 two-headed ogres
  7 demonic crawlers
  14 jumping spiders
  4 trolls
  28 blink frogs
  5 boulder beetles
  11 slime creatures
  2 wraiths
  2 trapdoor spiders (Spider:3)
  14 redbacks
  A trapdoor spider (shapeshifter) (D:14)
  A snapping turtle (Lair:4)
  5 wyverns
  2 shadows (D:13)
  3 deep elf magi
  12 tarantellas
  3 steam dragons
  37 yaks
  6 hippogriffs
  Grum (D:11)
  5 basilisks
  5 deep elf fighters
  3 mottled dragons
  15 wolves
  6 vampire mosquitoes
  3 harpy simulacra (IceCv)
  A hungry ghost (D:10)
  6 porcupines
  21 soldier ants
  28 water moccasins
  5 wasps
  An ettin simulacrum (IceCv)
  6 ice beasts
  A necrophage (D:13)
  34 spiders
  3 phantoms
  2 black bears
  14 orc warriors
  A swamp drake (Lair:8)
  7 sky beasts
  5 ogres
  17 centaurs
  23 crocodiles
  3 big kobolds
  2 brain worms
  An elf zombie (Ossuary)
  21 giant frogs
  A gnoll sergeant (D:5)
  2 wyvern zombies (D:11)
  A wyvern skeleton (D:11)
  25 killer bees
  8 scorpions
  3 electric eels
  8 crimson imps
  A quasit (D:14)
  9 wights
  A giant frog zombie (D:12)
  2 draconian simulacra (IceCv)
  A gnoll shaman (D:10)
  25 orc priests
  7 centaur zombies
  2 giant frog skeletons
  2 centaur skeletons
  3 hounds
  5 jellies
  10 iguanas
  A human zombie (Ossuary)
  Terence (D:3)
  25 orc wizards
  A spriggan simulacrum (IceCv)
  33 worker ants
  16 sheep
  A wolf simulacrum (IceCv)
  A big kobold zombie (Ossuary)
  A centaur simulacrum (IceCv)
  4 hound zombies
  4 mummies (Ossuary)
  3 worker ant zombies
  25 adders
  13 gnolls
  A naga simulacrum (IceCv)
  96 river rats
  2 shadow imps
  An ogre simulacrum (IceCv)
  5 white imps (IceCv)
  2 ufetubi (IceCv)
  An adder zombie (D:5)
  An adder skeleton (D:6)
  2 worms
  6 giant geckos
  169 orcs
  7 giant cockroaches
  3 goblins (D:3)
  9 hobgoblins
  15 jackals
  7 quokkas
  2 ball pythons
  14 bats
  4 giant newts
  2 gnoll zombies
  2 goblin zombies (Ossuary)
  21 kobolds
  3 kobold zombies (Ossuary)
  A quokka skeleton (D:6)
  17 rats
1219 creatures vanquished.

Vanquished Creatures (collateral kills)
  A stone giant (Orc:4)
  3 hydras
  4 death yaks
  A hornet (Lair:8)
  3 cyclopes
  An elephant (Lair:7)
  A torpor snail (Lair:8)
  3 yaks (Lair:8)
  An eye of draining (D:14)
  A porcupine (Lair:6)
  An orc priest (Orc:1)
  An orc wizard (Orc:1)
  An orc (Orc:1)
  A plant (Lair:6)
23 creatures vanquished.

Vanquished Creatures (others)
  An ugly thing (IceCv)
  A jumping spider (Spider:1)
  A swamp drake (Lair:8)
  An iguana (Lair:8)
  2 white imps (IceCv)
  A bush (Lair:7)
  58 fungi
  52 plants
117 creatures vanquished.

Grand Total: 1359 creatures vanquished

Notes
Turn   | Place    | Note
--------------------------------------------------------------
     0 | D:1      | FortyThree the Demonspawn Ice Elementalist began the quest for the Orb.
     0 | D:1      | Reached XP level 1. HP: 13/13 MP: 3/3
   144 | D:1      | Reached skill level 3 in Ice Magic
   235 | D:1      | Gained mutation: You are partially covered in sharp spines. [demonic ancestry]
   235 | D:1      | Reached XP level 2. HP: 19/19 MP: 3/5
   497 | D:1      | Learned a level 2 spell: Throw Frost
   619 | D:1      | Gained mutation: When hurt, damage is shared between your health and your magic reserves. [demonic ancestry]
   619 | D:1      | Reached XP level 3. HP: 21/24 MP: 2/6
   669 | D:1      | Learned a level 3 spell: Ozocubu's Armour
  1016 | D:2      | Reached skill level 1 in Fighting
  1659 | D:2      | Reached XP level 4. HP: 26/33 MP: 3/7
  2643 | D:3      | Found a glowing silver altar of Zin.
  2643 | D:3      | Found a sacrificial altar of Ru.
  2648 | D:3      | Reached XP level 5. HP: 36/39 MP: 8/8
  2692 | D:3      | Noticed Terence
  2701 | D:3      | Killed Terence
  3303 | D:4      | Noticed conein's ghost (amateur DrFi)
  3757 | D:4      | Gained mutation: You are partially covered in slimy green scales (AC +2). [demonic ancestry]
  3757 | D:4      | Reached XP level 6. HP: 42/48 MP: 6/9
  3971 | D:4      | Reached skill level 4 in Fighting
  4445 | D:5      | Entered Level 5 of the Dungeon
  4943 | D:5      | Gained mutation: You are mostly covered in slimy green scales (AC +3). [demonic ancestry]
  4943 | D:5      | Reached XP level 7. HP: 55/55 MP: 10/10
  4947 | D:5      | Reached skill level 5 in Fighting
  5123 | D:5      | Reached skill level 5 in Dodging
  5497 | D:6      | Found a staircase to the Ecumenical Temple.
  5516 | D:6      | Reached skill level 6 in Fighting
  5546 | D:6      | Reached XP level 8. HP: 64/64 MP: 11/11
  5578 | D:6      | Found Wischaj's Distillery.
  5587 | D:6      | Bought a potion of mutation for 30 gold pieces
  5587 | D:6      | Bought a potion of poison for 12 gold pieces
  5587 | D:6      | Bought a potion of haste for 120 gold pieces
  5608 | Temple   | Entered the Ecumenical Temple
  5613 | Temple   | Became a worshipper of Makhleb the Destroyer
  5658 | D:6      | Reached skill level 1 in Charms
  5726 | D:6      | Noticed a cyclops
  6303 | D:6      | Found Vuddaiq's General Store.
  6398 | D:7      | Found Josa's Food Shop.
  6594 | D:7      | Killed an unseen horror
  6594 | D:7      | Reached skill level 7 in Fighting
  6594 | D:7      | Reached XP level 9. HP: 40/74 MP: 7/12
  6783 | D:7      | Reached * piety under Makhleb
  6783 | D:7      | Reached skill level 8 in Fighting
  7389 | D:8      | Got a steaming leather armour
  7390 | D:8      | Identified the +3 leather armour of Purpose {Int+3 Dex+2} (You found it on level 8 of the Dungeon)
  7430 | D:8      | Found a sand-covered staircase.
  7442 | Ossuary  | Entered an ossuary
  7648 | Ossuary  | Reached skill level 9 in Fighting
  7993 | D:6      | Reached skill level 1 in Armour
  7993 | D:6      | Reached skill level 5 in Stealth
  8156 | D:8      | Reached ** piety under Makhleb
  8625 | D:8      | Reached skill level 1 in Long Blades
  8730 | D:9      | Reached XP level 10. HP: 81/83 MP: 11/13
  8776 | D:9      | Noticed bollicks1999's ghost (novice HOFi)
  9230 | D:9      | Found a white marble altar of Elyvilon.
  9230 | D:9      | Found a shimmering altar of Xom.
  9232 | D:9      | Found a bloodstained altar of Trog.
  9235 | D:9      | Found a shattered altar of Ashenzari.
  9236 | D:9      | Found a deep blue altar of Sif Muna.
  9273 | D:9      | Noticed a hill giant
  9435 | D:9      | Reached *** piety under Makhleb
  9500 | D:9      | Found a staircase to the Orcish Mines.
 10259 | D:9      | Killed a hill giant
 10259 | D:9      | Reached skill level 5 in Long Blades
 10376 | D:10     | Entered Level 10 of the Dungeon
 10464 | D:10     | Reached **** piety under Makhleb
 10631 | D:10     | Got a brightly glowing trident
 10635 | D:10     | Identified the +3 trident "Upel" {flame, rC+} (You found it on level 10 of the Dungeon)
 10792 | D:10     | Found Yloheuf's Gadget Emporium.
 10803 | D:10     | Noticed a hill giant
 10814 | D:10     | Killed a hill giant
 10906 | D:10     | Found a staircase to the Lair.
 11307 | D:6      | Killed a cyclops
 11307 | D:6      | Gained mutation: You have sharp fingernails. [demonic ancestry]
 11307 | D:6      | Reached XP level 11. HP: 89/89 MP: 8/14
 11333 | D:6      | Gained mutation: You have a pair of small horns on your head. [potion of mutation]
 11333 | D:6      | Gained mutation: You occasionally shout uncontrollably at your foes. [potion of mutation]
 11333 | D:6      | Gained mutation: You expend magic power (3 MP) to strengthen your wands. [potion of mutation]
 11334 | D:6      | Lost mutation: You have a pair of small horns on your head. [potion of cure mutation]
 11334 | D:6      | Lost mutation: You occasionally shout uncontrollably at your foes. [potion of cure mutation]
 11334 | D:6      | Lost mutation: You expend magic power (3 MP) to strengthen your wands. [potion of cure mutation]
 11335 | D:6      | Gained mutation: You have very sharp fingernails. [potion of mutation]
 11335 | D:6      | Gained mutation: You have supernaturally acute eyesight. [potion of mutation]
 11449 | D:10     | Reached ***** piety under Makhleb
 11634 | Lair:1   | Entered Level 1 of the Lair of Beasts
 11758 | Lair:1   | Noticed a queen ant
 11793 | Lair:1   | Killed a queen ant
 11793 | Lair:1   | Reached skill level 10 in Long Blades
 11990 | Lair:1   | Reached ****** piety under Makhleb
 12065 | Lair:1   | Reached skill level 11 in Long Blades
 12160 | Lair:1   | Got a slimy leather armour
 12171 | Lair:1   | Identified the cursed +0 leather armour of Wuntil {rElec rC- MP+9} (You found it on level 1 of the Lair of Beasts)
 13622 | Lair:2   | Noticed a five-headed hydra
 13976 | Lair:2   | Reached skill level 12 in Long Blades
 14904 | Lair:2   | Reached XP level 12. HP: 95/95 MP: 12/15
 15627 | Lair:3   | Noticed Sonja
 16352 | Lair:3   | Reached skill level 13 in Long Blades
 16714 | Lair:4   | Found a staircase to the Shoals.
 16787 | Lair:4   | Noticed a four-headed hydra
 16806 | Lair:4   | Killed a four-headed hydra
 17304 | Lair:5   | Found a labyrinth entrance.
 17308 | Lair:5   | Noticed a four-headed hydra
 17312 | Lab      | Entered a labyrinth
 18111 | Lab      | Noticed a minotaur
 18135 | Lab      | Killed a minotaur
 18135 | Lab      | Reached skill level 14 in Long Blades
 18141 | Lab      | Identified the Catalogue of Clay
 18271 | Lair:4   | Reached skill level 1 in Invocations
 18589 | Lair:4   | Killed a four-headed hydra
 18876 | Lair:5   | Reached skill level 5 in Invocations
 18886 | Lair:5   | Found a hole to the Spider Nest.
 19568 | Lair:5   | Reached XP level 13. HP: 77/101 MP: 14/19
 20245 | Lair:6   | Reached skill level 10 in Invocations
 20398 | Lair:6   | Noticed Snorg
 20779 | Lair:6   | Killed Snorg
 22200 | Lair:7   | Reached skill level 10 in Fighting
 22763 | Lair:8   | Entered Level 8 of the Lair of Beasts
 22904 | Lair:8   | Gained mutation: You are mostly covered in sharp spines. [demonic ancestry]
 22904 | Lair:8   | Reached XP level 14. HP: 105/111 MP: 21/23
 23351 | Lair:8   | Paralysed by a hornet for 4 turns
 23533 | Lair:8   | Found a staircase to the Slime Pits.
 24173 | Lair:7   | Reached skill level 10 in Dodging
 25852 | Lair:8   | Reached skill level 5 in Armour
 26351 | Lair:2   | Killed a five-headed hydra
 26488 | Orc:1    | Entered Level 1 of the Orcish Mines
 26495 | Orc:1    | Noticed Erolcha
 26506 | Orc:1    | Killed Erolcha
 26621 | Orc:2    | Found a roughly hewn altar of Beogh.
 26835 | Orc:3    | Found Gujer's Antique Weapon Emporium.
 27190 | Orc:2    | Found Xuocun Mich's General Store.
 27720 | Orc:1    | Gained mutation: You are completely covered in sharp spines. [demonic ancestry]
 27720 | Orc:1    | Reached XP level 15. HP: 111/120 MP: 21/24
 27782 | Orc:1    | Found a roughly hewn altar of Beogh.
 27951 | Orc:4    | Entered Level 4 of the Orcish Mines
 28018 | Orc:4    | Found Ybas's Book Boutique.
 28138 | Orc:4    | Found Dufan's Antique Weapon Emporium.
 28519 | Orc:4    | Found Afogeg's General Store.
 28855 | Orc:4    | Found a staircase to the Elven Halls.
 28956 | Orc:4    | Found Rerchieps's Antique Armour Boutique.
 29555 | Orc:2    | Bought the +6 scimitar of Flaming Death {sticky flame, rPois rF++ rC- MR+} for 1096 gold pieces
 29697 | D:11     | Noticed Grum
 29714 | D:11     | Killed Grum
 29752 | D:11     | Found Kytsaps's General Store.
 29764 | D:11     | Bought a scroll of acquirement for 728 gold pieces
 30237 | D:11     | Noticed Erica
 30252 | D:11     | Killed Erica
 30275 | D:11     | Noticed Psyche
 30315 | D:11     | Killed Psyche
 30683 | D:12     | Reached skill level 15 in Long Blades
 31272 | D:13     | Got a polished scale mail
 31278 | D:13     | Identified the +2 scale mail of the Ward {rF+ Str+3 Slay-3 SInv} (You found it on level 13 of the Dungeon)
 31442 | D:13     | Got a faintly glowing falchion
 31499 | D:13     | Noticed Maud
 31511 | D:13     | Killed Maud
 32326 | D:14     | Found a gate to the Vaults.
 32776 | D:14     | Found Oblouklegi's Armour Shop.
 33174 | D:15     | Entered Level 15 of the Dungeon
 33248 | D:15     | Reached XP level 16. HP: 117/127 MP: 23/25
 33253 | D:15     | Reached skill level 10 in Armour
 33352 | D:15     | Reached skill level 16 in Long Blades
 33897 | D:15     | Found a staircase to the Depths.
 34015 | D:14     | Bought a +3 leather armour of poison resistance for 336 gold pieces
 34351 | Spider:1 | Entered Level 1 of the Spider Nest
 34369 | Lair:5   | Reached skill level 5 in Charms
 34404 | Spider:1 | Gained mutation: Your natural rate of healing is unusually fast. [potion of beneficial mutation]
 36413 | Spider:3 | Reached skill level 17 in Long Blades
 37045 | Spider:3 | Got a pair of slimy boots
 37046 | Spider:3 | Identified the +0 pair of boots of Hedge Wizardry {Dex+7} (You acquired it on level 3 of the Spider Nest)
 37601 | Spider:4 | Entered Level 4 of the Spider Nest
 37603 | Spider:4 | Found a frozen archway.
 37621 | IceCv    | Entered an ice cave
 37885 | IceCv    | Slain by an ettin simulacrum

Action                   |  1- 3 |  4- 6 |  7- 9 | 10-12 | 13-15 | 16-18 || total
-------------------------+-------+-------+-------+-------+-------+-------++-------
Melee: Unarmed           |    15 |       |       |       |       |       ||    15
       Mace              |    21 |    56 |       |       |       |       ||    77
       Short sword       |       |    49 |   257 |   110 |    51 |       ||   467
       Great sword       |       |       |       |   829 |  1083 |       ||  1912
       Triple sword      |       |       |       |       |   405 |   419 ||   824
       Scimitar          |       |       |       |       |     2 |    10 ||    12
 Fire: Blowgun           |       |       |       |     8 |       |       ||     8
 Cast: Freeze            |    27 |    19 |       |       |       |       ||    46
       Ozocubu's Armour  |       |       |     1 |    19 |    46 |     4 ||    70
Invok: Lesser Servant of |       |       |       |       |    25 |     1 ||    26
       Minor Destruction |       |       |       |       |     7 |     3 ||    10
       Greater Servant o |       |       |       |       |     4 |       ||     4
 Abil: Evoke Flight      |       |       |       |       |       |     1 ||     1
Evoke: Wand              |       |       |       |     3 |       |       ||     3
  Use: Scroll            |       |       |    16 |    13 |    15 |    11 ||    55
       Potion            |       |       |       |    14 |     4 |     5 ||    23
 Stab: Sleeping          |     2 |     4 |     9 |    25 |    23 |    14 ||    77
       Distracted        |       |       |     2 |     4 |    18 |     3 ||    27
  Eat: Chunk             |     3 |    10 |    12 |    24 |    34 |     1 ||    84
       Fruit             |       |       |       |     3 |     5 |     2 ||    10
       Bread ration      |       |       |       |     3 |     2 |     1 ||     6
       Pizza             |       |       |       |     1 |     1 |     3 ||     5
       Royal jelly       |       |       |       |       |     2 |       ||     2
       Beef jerky        |       |       |       |       |     1 |     3 ||     4
